 Dungeon Crawl Stone Soup version 0.29-a0-266-gf56f883ddd (webtiles) character file.

Game seed: 960273470491478567

37 jt the Bolt Thrower (level 3, -11/33 HPs)
             Began as a Naga Hunter on Mar 6, 2022.
             Mangled by an iguana (13 damage)
             ... on level 2 of the Dungeon.
             The game lasted 00:02:55 (858 turns).

jt the Bolt Thrower (Naga Hunter)                    Turns: 858, Time: 00:02:55

Health: -11/33     AC:  2    Str: 14    XL:     3   Next: 39%
Magic:  3/3        EV:  9    Int: 11    God:
Gold:   41         SH:  0    Dex: 13    Spells: 2/2 levels left

rFire   . . .      SeeInvis +   a - +1 hand crossbow
rCold   . . .      Faith    .   (no shield)
rNeg    . . .      Spirit   .   b - +0 leather armour
rPois   +          Reflect  .   (no helmet)
rElec   .          Harm     .   (no cloak)
rCorr   .          Rampage  .   (no gloves)
Will    .....                   (no barding)
Stlth   ++........              (no amulet)
HPRegen 0.11/turn               (no ring)
MPRegen 0.08/turn               (no ring)

@: attractive, very slow
A: AC +1, large, see invisible, deformed body, poison resistance, slowness 2,
spit poison 1, naga tail 1
a: Spit Poison


You were on level 2 of the Dungeon.
You visited 1 branch of the dungeon, and saw 2 of its levels.

You collected 41 gold pieces.

Inventory:

Hand Weapons
 a - a +1 hand crossbow (weapon)
 d - a +0 dagger of venom
Missiles
 e - 22 stones
 f - 4 poisoned darts
Armour
 b - a +0 leather armour (worn)
Scrolls
 c - 2 scrolls of immolation
Potions
 k - a potion of heal wounds {unknown}


   Skills:
 + Level 2.4 Fighting
 + Level 3.9 Crossbows
 + Level 2.0 Dodging
 + Level 2.8 Stealth


You had 2 spell levels left.
You didn't know any spells.
Your spell library contained the following spells:

 Spells                   Type           Power      Damage    Failure   Level
 Conjure Flame            Conj/Fire      0%         6-21      80%         3
 Ignite Poison            Fire/Tmut/Pois 0%         N/A       80%         3
 Sticky Flame             Conj/Fire      0%         2d3       99%         4


Dungeon Overview and Level Annotations

Branches:
Dungeon (2/15)

Altars:


Innate Abilities, Weirdness & Mutations

Your serpentine skin is tough. (AC +1)
You have supernaturally acute eyesight. (SInv)
Armour fits poorly on your strangely shaped body.
Your system is resistant to poisons. (rPois)
You cover ground very slowly.
You can spit poison.
You have a snake-like lower body.


Message History

Aim: an iguana (moderately wounded, 65% to hit)
The splash of poison misses the iguana.
The iguana barely misses you.
Unknown command.
You shoot a bolt. The bolt hits the iguana.
The iguana is heavily wounded.
The iguana bites you!
You shoot a bolt. The bolt closely misses the iguana.
The iguana bites you! x2
* * * LOW HITPOINT WARNING * * *
Okay, then.
As you read the scroll labelled QOOR DAILAO, it crumbles to dust.
It is a scroll of identify.
h - a scroll of summoning You have got your breath back.
The iguana barely misses you.
Aiming: Spit Poison (2% risk of failure)
Press: ? - help, Shift-Dir - straight line, f/p - iguana
Aim: an iguana (heavily wounded, 65% to hit)
The splash of poison misses the iguana.
The iguana completely misses you.
It was a potion of curing.
You feel better. The iguana bites you!
* * * LOW HITPOINT WARNING * * *
Okay, then.
You can't do that yet.
You can't do that yet.
You can't do that yet.
Unknown command.
Okay, then.
Unknown command.
As you read the scroll of summoning, it crumbles to dust.
Wisps of shadow whirl around you...
You have got your breath back.
The iguana bites you.
* * * LOW HITPOINT WARNING * * *
It was a potion of attraction.
You feel attractive to monsters.
Your ball python barely misses the iguana.
Your ball python grabs the iguana.
Your ball python constricts the iguana.
The iguana hisses menacingly.
The iguana barely misses you.
You swap places.
The iguana attacks as you move away! The iguana bites you!
You die...

#.# ####.#### ...#
#.......# ...#
##.##....##### ...###
....)........# .....
...##....###.####b..####
...##.#..##.............
.........#........K.....
..#.#.#.##......@.......
......#......####l.?....
..#.###.......# .S.####
###.##...#.##.# ...# #
###..#.##.# ...#
......##.# ...#
..#..####.# ^..# ##.#..#
#.# #.## # #... ..#


You could see an iguana (ally target), a friendly adder (summoned), a friendly
bat (summoned), a friendly ball python (summoned) and a friendly kobold
(summoned).

Vanquished Creatures
  A dart slug (D:1)
  4 endoplasms (D:1)
  A giant cockroach (D:1)
  6 goblins (D:1)
  A hobgoblin (D:1)
  4 kobolds
  4 ball pythons (D:1)
  4 bats (D:1)
  3 frilled lizards (D:1)
  2 rats (D:1)
30 creatures vanquished.

Notes
Turn   | Place    | Note
-------+----------+-------------------------------------------
     0 | D:1      | jt the Naga Hunter began the quest for the Orb.
     0 | D:1      | Reached XP level 1. HP: 19/19 MP: 1/1
    96 | D:1      | Reached XP level 2. HP: 16/26 MP: 2/2
   584 | D:1      | Reached XP level 3. HP: 33/33 MP: 3/3
   858 | D:2      | Mangled by an iguana

Illustrated notes

Levels and vault maps discovered:
D:1:      nzn_arrival_crosshair, layout_basic
D:2:      layout_loops_cross, serial_shops, nicolae_lakefront_shop

Skill      XL: |  1  2 |
---------------+-------+-----
Stealth        | 2 |  2.8
Dodging        | 2 |  2.0
Fighting       | |  2.4
Crossbows      | |  3.9

Action                   || total
-------------------------++-------
 Fire: Hand crossbow     ||    66
 Abil: Spit Poison       ||     5
  Use: Scroll            ||     2
       Potion            ||     2
Armor: Leather armour    ||     9
Dodge: Dodged            ||    16

Table legend: (Time is in decaauts)
 A = Elapsed time spent in this place.
 B = Non-inter-level travel time spent in this place.
 C = Inter-level travel time spent in this place.
 D = Time resting spent in this place.
 E = Time spent auto-exploring this place.
 F = Levels seen in this place.
 G = Mean time per level.
                   A        B        C        D        E       F      G
               +--------+--------+--------+--------+--------+-----+--------+
         Total |   1088 |   1073 |     15 |    244 |    593 |   2 |  544.0 |
       Dungeon |   1088 |   1073 |     15 |    244 |    593 |   2 |  544.0 |
               +--------+--------+--------+--------+--------+-----+--------+

Top non-repeatable levels by time:
     D:1: 1035 daAuts
     D:2: 52 daAuts
